 Dungeon Crawl Stone Soup version 0.27-a0-1200-g94dc6ad4cf (webtiles) character file.

Game seed: 8860653130968029630

21669 Mesmaeker13 the Fighter (level 12, 0/102 HPs)
             Began as a Barachi Hunter on May 31, 2021.
             Was an Elder of Nemelex Xobeh.
             Slain by a five-headed hydra (6 damage)
             ... on level 2 of the Lair of Beasts.
             The game lasted 00:30:26 (18805 turns).

Mesmaeker13 the Fighter (Barachi Hunter)           Turns: 18805, Time: 00:30:27

Health: 0/102      AC: 16    Str: 16    XL:     12   Next: 92%
Magic:  0/12       EV: 11    Int: 14    God:    Nemelex Xobeh [****..]
Gold:   962        SH:  0    Dex: 13    Spells: 11/11 levels left

rFire    . . .     SeeInvis .   I - +1 scimitar (flame)
rCold    . . .     Faith    .   (no shield)
rNeg     . . .     Spirit   +   n - +0 scale mail
rPois    .         Reflect  .   (no helmet)
rElec    .         Harm     .   (no cloak)
rCorr    .         Rampage  +   w - +0 pair of gloves
Will     +....                  m - +1 pair of boots {rampage}
Stlth    ++........             L - amulet of guardian spirit
HPRegen  0.27/turn              f - ring of willpower
MPRegen  0.13/turn              G - +4 ring of protection

@: slow
A: amphibious, slowness 1, strong legs 1, +LOS
a: Hop, Renounce Religion, Draw Escape, Draw Destruction, Draw Summoning, Triple
Draw, Deal Four


You were on level 2 of the Lair of Beasts.
You worshipped Nemelex Xobeh.
Nemelex Xobeh was greatly pleased with you.
You visited 3 branches of the dungeon, and saw 14 of its levels.

You collected 962 gold pieces.

Inventory:

Hand Weapons
 a - a +1 shortbow
 C - a +0 antimagic hand axe
 I - a +1 scimitar of flaming (weapon)
Missiles
 d - 111 arrows
 o - a throwing net (quivered)
Armour
 c - a +0 chain mail
 m - a +1 pair of boots of rampaging (worn)
 n - a +0 scale mail (worn)
 w - a +0 pair of gloves (worn)
Jewellery
 f - a ring of willpower (left hand)
 k - a +6 ring of strength
 G - a +4 ring of protection (right hand)
 L - an amulet of guardian spirit (around neck)
Wands
 r - a wand of digging (7)
 u - a wand of acid (16)
 A - a wand of paralysis (1)
 D - a wand of iceblast (9)
Scrolls
 e - a scroll of summoning {unknown}
 g - 2 scrolls of vulnerability {unknown}
 j - 4 scrolls of magic mapping {unknown}
 l - 5 scrolls of teleportation
 s - a scroll of enchant armour
 t - a scroll of fear
Potions
 b - 2 potions of cancellation {unknown}
 h - 2 potions of attraction
 p - 3 potions of flight
 q - a potion of curing {unknown}
 v - 3 potions of berserk rage
 x - 2 potions of heal wounds {unknown}
 z - 3 potions of lignification {unknown}
 B - a potion of haste {unknown}
 E - 2 potions of invisibility {unknown}
 F - 2 potions of brilliance
 M - a potion of degeneration {unknown}
Miscellaneous
 J - a box of beasts


   Skills:
 + Level 12.0 Fighting
 + Level 8.3 Long Blades
 + Level 10.8 Bows
 + Level 10.6 Armour
 - Level 5.3 Dodging
 - Level 5.6 Stealth
 + Level 0.8 Invocations
 - Level 9.0 Evocations


You had 11 spell levels left.
You didn't know any spells.
Your spell library contained the following spells:

 Spells                   Type           Power      Damage    Failure   Level
 Freeze                   Ice            0%         1d3       63%         1
 Sting                    Tmut/Pois      0%         1d3       63%         1
 Summon Small Mammal      Summ           0%         N/A       63%         1
 Call Imp                 Summ           0%         N/A       77%         2
 Poisonous Vapours        Pois/Air       0%         N/A       77%         2
 Call Canine Familiar     Summ           0%         N/A       94%         3
 Frozen Ramparts          Ice            0%         1d2       94%         3
 Ignite Poison            Fire/Tmut/Pois 0%         N/A       94%         3
 Mephitic Cloud           Conj/Pois/Air  0%         N/A       94%         3
 Ozocubu's Armour         Ice            0%         N/A       94%         3
 Summon Guardian Golem    Hex/Summ       0%         N/A       94%         3
 Hailstorm                Conj/Ice       0%         3d3       100%        4
 Olgreb's Toxic Radiance  Pois           0%         N/A       100%        4
 Summon Ice Beast         Ice/Summ       0%         N/A       100%        4
 Summon Lightning Spire   Summ/Air       0%         N/A       100%        4
 Metabolic Englaciation   Hex/Ice        0%         N/A       100%        5


Dungeon Overview and Level Annotations

Branches:
Dungeon (10/15)            Temple (1/1) D:6            Lair (3/6) D:9
  Swamp (0/4) Lair:2       Spider (0/4) Lair:2          Orc (0/2) D:10

Altars:
Ashenzari
Cheibriados
Dithmenos
Elyvilon
Fedhas
Gozag
Hepliaklqana
Kikubaaqudgha
Makhleb
Nemelex Xobeh
Okawaru
Qazlal
Ru
Sif Muna
Trog
Uskayaw
Vehumet
Wu Jian
Xom
Yredelemnul
Zin
The Shining One

Shops:
D:2 *

Annotations:
D:3 1 runed translucent door, 1 exclusion, Crazy Yiuf, Sigmund
Lair:1 2 transporters, Gwenloh's ghost, journeyman DjFE
Lair:2 exclusion: 2 oklob plants


Innate Abilities, Weirdness & Mutations

You are amphibious.
You cover ground slowly.
You can hop short distances.
You have an extended range of vision and can be seen from far away.


Message History

You burn the six-headed hydra.
The six-headed hydra is moderately wounded.
The six-headed hydra bites you.
The six-headed hydra bites you but does no damage.
The six-headed hydra bites you.
The six-headed hydra bites you but does no damage. x3
You slice one of the six-headed hydra's heads off!
The flame cauterises the wound!
You slash the five-headed hydra! You burn the five-headed hydra!
The five-headed hydra is severely wounded.
The five-headed hydra barely misses you.
The five-headed hydra bites you! x2
* * * LOW HITPOINT WARNING * * *
The five-headed hydra bites you but does no damage. x2
The five-headed hydra bites you.
* * * LOW HITPOINT WARNING * * *
The five-headed hydra misses you. The five-headed hydra bites you.
* * * LOW HITPOINT WARNING * * *
The five-headed hydra closely misses you.
The five-headed hydra barely misses you.
The five-headed hydra bites you but does no damage.
The five-headed hydra closely misses you.
The five-headed hydra bites you but does no damage. x3
The five-headed hydra barely misses you.
The five-headed hydra bites you!
* * * LOW HITPOINT WARNING * * *
The five-headed hydra bites you but does no damage.
The five-headed hydra barely misses you.
The five-headed hydra bites you!
* * * LOW HITPOINT WARNING * * *
Okay, then.
Okay, then.
The five-headed hydra closely misses you.
The five-headed hydra bites you but does no damage.
The five-headed hydra bites you.
* * * LOW HITPOINT WARNING * * *
The five-headed hydra bites you but does no damage.
The five-headed hydra bites you.
You die...
Your body glows slightly and disappears.

......##...........8.+...........
.......#...#..#......#...........
.......##...###.....##...........
........#........#####.##.###P###
.....#####...8...#######..#######
...##.P##........#.........#.....
...##....#.8...8.#...(.#P.#......
...##...##.....D.#.....#...#.....
....#...##...8..@......#...#.....
.[.##...##........#....##..#..<..
.>.#####....###....#...##.##.....
...###.....#.##....#....#.#......
.......8..##.###.....####..##....
........#.#...###......#P...#.#.#
.....##.#........................
................#...##...........
.................#...............


You could see a five-headed hydra.

Vanquished Creatures
  4 hydras
  A two-headed ogre (D:9)
  A swamp dragon (Lair:2)
  2 oklob plants (Lair:2)
  A manticore (D:8)
  4 black mambas
  Maggie (D:7)
  3 cane toads
  4 komodo dragons
  A kobold demonologist (D:9)
  A troll (D:10)
  A jumping spider (Lair:2)
  A polar bear (Lair:2)
  A hornet (D:9)
  A wraith (D:9)
  A shadow (D:10)
  A redback (Lair:2)
  4 wyverns
  A basilisk (Lair:2)
  7 humans
  19 yaks
  Menkaure (D:7)
  Edmund (D:4)
  6 water moccasins
  Duvessa (D:7)
  3 orc warriors
  3 ice beasts
  An ice beast (shapeshifter) (D:10)
  2 necrophages
  2 sky beasts
  2 black bears
  9 wolves
  3 ogres
  4 centaurs
  Blork the orc (D:6)
  13 bullfrogs
  2 scorpions
  2 gnoll sergeants
  Dowan (D:7)
  A water moccasin skeleton (D:6)
  17 killer bees
  5 electric eels
  4 howler monkeys (D:7)
  4 jellies
  3 centaur zombies
  A hound (D:5)
  6 orc priests
  A centaur skeleton (D:6)
  2 gnoll shamans
  3 iguanas (Lair:2)
  Ijyb (D:3)
  Terence (D:2)
  4 hell rats (Lair:2)
  5 orc wizards
  11 gnolls
  7 adders
  2 shadow imps
  An adder skeleton (D:4)
  3 worms
  2 dart slugs
  24 orcs
  6 ball pythons
  7 bats
  5 endoplasms
  5 giant cockroaches
  8 goblins
  3 hobgoblins (D:1)
  18 jackals
  11 kobolds
  4 quokkas
  4 frilled lizards
  5 rats
301 creatures vanquished.

Vanquished Creatures (collateral kills)
  A jumping spider (Lair:2)
  3 wolves (Lair:1)
  A hell rat (Lair:2)
5 creatures vanquished.

Vanquished Creatures (others)
  A hell rat (Lair:2)
  50 fungi
  52 plants
103 creatures vanquished.

Grand Total: 409 creatures vanquished

Notes
Turn   | Place    | Note
-------+----------+-------------------------------------------
     0 | D:1      | Mesmaeker13 the Barachi Hunter began the quest for the Orb.
     0 | D:1      | Reached XP level 1. HP: 17/17 MP: 1/1
    84 | D:1      | Reached skill level 1 in Stealth
   182 | D:1      | Reached XP level 2. HP: 19/23 MP: 2/2
   417 | D:1      | Reached XP level 3. HP: 24/28 MP: 3/3
   582 | D:1      | Reached skill level 3 in Fighting
  1298 | D:2      | Found Muism's Assorted Antiques.
  1359 | D:2      | Noticed Terence
  1378 | D:2      | Killed Terence
  1379 | D:2      | Reached XP level 4. HP: 8/35 MP: 4/4
  2053 | D:2      | Found a faded altar of an unknown god.
  2503 | D:2      | Reached XP level 5. HP: 40/42 MP: 5/5
  2737 | D:3      | Found a bloodstained altar of Trog.
  2809 | D:3      | Noticed Ijyb
  2819 | D:3      | Killed Ijyb
  3237 | D:3      | Reached skill level 4 in Fighting
  3718 | D:3      | Found a runed translucent door.
  3719 | D:3      | Noticed Crazy Yiuf
  3810 | D:3      | Noticed Sigmund
  3824 | D:4      | Noticed Edmund
  3868 | D:4      | Killed Edmund
  3869 | D:4      | Reached skill level 5 in Bows
  3869 | D:4      | Reached XP level 6. HP: 10/49 MP: 6/6
  4648 | D:3      | Reached XP level 7. HP: 55/55 MP: 7/7
  4962 | D:4      | Found a snail-covered altar of Cheibriados.
  5144 | D:4      | Reached skill level 5 in Fighting
  5507 | D:5      | Entered Level 5 of the Dungeon
  5674 | D:5      | Noticed a komodo dragon
  5956 | D:5      | Reached skill level 5 in Dodging
  6032 | D:5      | Reached XP level 8. HP: 64/64 MP: 8/8
  6150 | D:6      | Found a stormy altar of Qazlal.
  6150 | D:6      | Found an ornate altar of the Wu Jian Council.
  6211 | D:6      | Reached skill level 6 in Fighting
  6252 | D:6      | Noticed Blork the orc
  6260 | D:6      | Killed Blork the orc
  6261 | D:6      | Reached skill level 1 in Armour
  6268 | D:6      | Found a hide-covered altar of Uskayaw.
  6321 | D:6      | Found a staircase to the Ecumenical Temple.
  6391 | Temple   | Entered the Ecumenical Temple
  6411 | Temple   | Became a worshipper of Nemelex Xobeh the Trickster
  6888 | D:6      | Reached skill level 5 in Stealth
  7568 | D:7      | Noticed Dowan
  7570 | D:7      | Noticed Duvessa
  7582 | D:7      | Killed Dowan
  7590 | D:7      | Killed Duvessa
  7591 | D:7      | Reached skill level 7 in Fighting
  7601 | D:7      | Reached XP level 9. HP: 35/72 MP: 9/9
  7886 | D:7      | Noticed Menkaure
  7892 | D:7      | Killed Menkaure
  7913 | D:7      | Reached skill level 1 in Evocations
  8299 | D:7      | Reached * piety under Nemelex Xobeh
  8403 | D:7      | Found a broken altar of Ashenzari.
  8437 | D:7      | Noticed Maggie
  8452 | D:7      | Killed Maggie
  8636 | D:7      | Reached skill level 5 in Armour
  8645 | D:7      | Reached skill level 8 in Fighting
  9278 | D:8      | Received a gift from Nemelex Xobeh
  9505 | D:8      | Found a white marble altar of Elyvilon.
  9668 | D:8      | Noticed a manticore
  9677 | D:8      | Killed a manticore
  9678 | D:8      | Reached XP level 10. HP: 75/82 MP: 10/10
 10192 | D:5      | Reached skill level 9 in Fighting
 10351 | D:5      | Reached ** piety under Nemelex Xobeh
 10632 | D:9      | Received a gift from Nemelex Xobeh
 10662 | D:9      | Reached skill level 1 in Long Blades
 10689 | D:9      | Reached skill level 5 in Evocations
 10949 | D:9      | Found a staircase to the Lair.
 10982 | D:9      | Paralysed by a human for 3 turns
 10990 | D:9      | Paralysed by a human for 4 turns
 11674 | D:9      | Reached XP level 11. HP: 77/90 MP: 11/11
 11678 | D:9      | Reached skill level 10 in Fighting
 12005 | D:9      | Noticed a two-headed ogre
 12017 | D:9      | Killed a two-headed ogre
 12162 | D:9      | Reached skill level 5 in Long Blades
 12467 | D:9      | Found a shadowy altar of Dithmenos.
 12544 | D:10     | Entered Level 10 of the Dungeon
 13278 | D:10     | Reached *** piety under Nemelex Xobeh
 13900 | D:10     | Found a staircase to the Orcish Mines.
 14638 | Lair:1   | Entered Level 1 of the Lair of Beasts
 14733 | Lair:1   | Received a gift from Nemelex Xobeh
 14989 | Lair:1   | Noticed Gwenloh's ghost (journeyman DjFE)
 15013 | Lair:1   | Found a transporter.
 15027 | Lair:1   | Found a transporter.
 15070 | Lair:1   | Noticed a five-headed hydra
 15082 | Lair:1   | Killed a two-headed hydra
 15083 | Lair:1   | Reached skill level 11 in Fighting
 15083 | Lair:1   | Reached skill level 10 in Bows
 15083 | Lair:1   | Reached XP level 12. HP: 93/100 MP: 10/12
 15516 | Lair:1   | Noticed a four-headed hydra
 15529 | Lair:1   | Killed a one-headed hydra
 16088 | Lair:2   | Received a gift from Nemelex Xobeh
 16364 | Lair:2   | Found a staircase to the Swamp.
 16531 | Lair:2   | Reached **** piety under Nemelex Xobeh
 16556 | Lair:2   | Noticed a six-headed hydra
 16577 | Lair:2   | Killed a one-headed hydra
 16578 | Lair:2   | Reached skill level 10 in Armour
 17174 | Lair:2   | Found a hole to the Spider Nest.
 17273 | Lair:2   | Received a gift from Nemelex Xobeh
 18436 | Lair:3   | Noticed an eight-headed hydra
 18449 | Lair:3   | Killed a three-headed hydra
 18450 | Lair:3   | Reached skill level 12 in Fighting
 18787 | Lair:3   | Noticed a seven-headed hydra
 18805 | Lair:2   | Slain by a five-headed hydra

Illustrated notes

Levels and vault maps discovered:
D:1:      dpeg_arrival_circle_labyrinth_a, layout_loops_ring,
          minmay_pentomino_p4
D:2:      layout_basic, shapermc_ecumenical_altar_mp_highgroup, serial_shops,
          shop, uniq_terence
D:3:      layout_basic, amcnicky_altar_gilded, minmay_randomly_rotated_circles,
          uniq_ijyb, uniq_sigmund, uniq_crazy_yiuf_cottage
D:4:      layout_basic, lemuel_crystal_altar, uniq_edmund
D:5:      layout_layer_cave, minmay_misc_feat_iff
D:6:      layout_rooms, nicolae_uskayaw_dance_hall, jmf_multi_god_temple,
          minmay_temple_entry_statues, nrook_campfire,
          kennysheep_generic_room_16, uniq_blork_the_orc
D:7:      layout_basic, old_standard_altar, uniq_menkaure, uniq_maggie,
          uniq_duvessa
D:8:      layout_rooms, kennysheep_little_box
D:9:      layout_irregular_city, marbit_many_paths, due_lair_maze_entry_diamond,
          hangedman_abyss_or_decor_clamps, minmay_ruffians
D:10:     layout_basic, david_orc_3
Temple:   jpeg_temple_clearing
Lair:1:   layout_cave_pods, gammafunk_ghost_hive, serial_bayou_pond_a
Lair:2:   layout_regular_city, minmay_swamp_entry_reptiles,
          spider_nest_entry_funnel_web, chequers_serial_rivers_room_b,
          serial_bayou_shore_a, grunt_megastairs_4, minmay_lair_oklob_chamber
Lair:3:   layout_regular_city, beast_lair_carwin_5, grunt_megastairs_1

Skill      XL: |  1  2  3  4  5  6  7  8  9 10 11 12 |
---------------+-------------------------------------+-----
Stealth        | 1 2 3 4 5 |  5.6
Fighting       | 3 4 5 7 8 9 11 12 | 12.0
Dodging        | 3 4 5 |  5.3
Bows           | 5 6 8 9 10 | 10.8
Armour         | 3 6 7 9 10 | 10.6
Evocations     | 4 6 7 9 |  9.0
Long Blades    | 3 6 8 |  8.3
Invocations    | |  0.8

Action                   |  1- 3 |  4- 6 |  7- 9 | 10-12 || total
-------------------------+-------+-------+-------+-------++-------
Melee: Hand axe          |    71 |     9 |    17 |     3 ||   100
       Mace              |       |    97 |   131 |       ||   228
       Scimitar          |       |       |       |   312 ||   312
 Fire: Shortbow          |    11 |    63 |   154 |   375 ||   603
Invok: Draw Destruction  |       |       |       |     6 ||     6
       Draw Escape       |       |       |       |     1 ||     1
       Draw Summoning    |       |       |       |     3 ||     3
 Abil: Hop               |     2 |     1 |       |       ||     3
Evoke: Wand              |       |     1 |    20 |    60 ||    81
  Use: Scroll            |       |     1 |     3 |     5 ||     9
       Potion            |       |       |       |     3 ||     3
 Stab: Distracted        |     1 |       |       |       ||     1
       Sleeping          |     2 |     2 |     2 |     1 ||     7
       Paralysed         |       |       |     8 |    21 ||    29
       Petrified         |       |       |       |     1 ||     1
Armor: Leather armour    |    20 |    16 |       |       ||    36
       Skin              |       |    10 |       |       ||    10
       Ring mail         |       |    20 |    56 |       ||    76
       Steam dragon scal |       |       |     8 |    86 ||    94
       Scale mail        |       |       |       |   158 ||   158
Dodge: Dodged            |    68 |    89 |   124 |   337 ||   618
       Rpst.: Scimitar   |       |       |       |    57 ||    57

Table legend: (Time is in decaauts)
 A = Elapsed time spent in this place.
 B = Non-inter-level travel time spent in this place.
 C = Inter-level travel time spent in this place.
 D = Time resting spent in this place.
 E = Time spent auto-exploring this place.
 F = Levels seen in this place.
 G = Mean time per level.
                   A        B        C        D        E       F      G
               +--------+--------+--------+--------+--------+-----+--------+
         Total |  20653 |  19823 |    830 |   5664 |  10498 |  14 | 1475.2 |
       Dungeon |  16080 |  15369 |    711 |   4811 |   7517 |  10 | 1608.0 |
        Temple |    106 |     88 |     18 |      0 |     76 |   1 |  106.0 |
          Lair |   4467 |   4367 |    100 |    852 |   2904 |   3 | 1489.0 |
               +--------+--------+--------+--------+--------+-----+--------+

Top non-repeatable levels by time:
  Lair:2: 2868 daAuts
     D:9: 2201 daAuts
    D:10: 2149 daAuts
     D:7: 1953 daAuts
     D:4: 1739 daAuts
     D:2: 1607 daAuts
  Lair:1: 1571 daAuts
     D:6: 1474 daAuts
     D:1: 1441 daAuts
     D:3: 1366 daAuts
     D:5: 1300 daAuts
     D:8: 846 daAuts
  Temple: 106 daAuts
  Lair:3: 28 daAuts
